 Dungeon Crawl Stone Soup version 0.17.1-1-g73c8601 (webtiles) character file.

262 shmeve the Skirmisher (level 5, 0/48 HPs)
             Began as a Minotaur Berserker on Apr 15, 2016.
             Was a Believer of Trog.
             Slain by an ice beast (8 damage)
             ... on level 5 of the Dungeon.
             The game lasted 00:05:25 (2399 turns).

shmeve the Skirmisher (Minotaur Berserker)          Turns: 2399, Time: 00:05:25

Health: 0/48       AC:  9    Str: 21    XL:     5   Next: 97%
Magic:  4/4        EV:  8    Int:  5    God:    Trog [**....]
Gold:   368        SH:  0    Dex: 10    Spells: 0 memorised, 4 levels left

rFire  . . .     SeeInvis .     a - +0 hand axe
rCold  . . .     Clarity  .     e - +0 chain mail
rNeg   . . .     SustAt   .     (no shield)
rPois  .         Gourm    .     (helmet restricted)
rElec  .         Spirit   .     (no cloak)
rCorr  .         Warding  .     (no gloves)
rMut   .         Stasis   .     (no boots)
MR     .....                    (no amulet)
Stlth  ..........               (no ring)
                                (no ring)

@: not resistant to hostile enchantments, extremely unstealthy
A: retaliatory headbutt, horns 2
a: Berserk, Trog's Hand, Burn Spellbooks, Renounce Religion


You were on level 5 of the Dungeon.
You worshipped Trog.
Trog was pleased with you.
You were near starving.

You visited 1 branch of the dungeon, and saw 5 of its levels.

You collected 368 gold pieces.

Inventory:

Hand Weapons
 a - a +0 hand axe (weapon)
Armour
 e - a +0 chain mail (worn)
 u - a +0 shield
Wands
 B - a wand of cold (5)
Scrolls
 b - 3 scrolls of teleportation {unknown}
 d - 2 scrolls of immolation {unknown}
 f - a scroll of noise {unknown}
 g - a scroll of amnesia {unknown}
 i - 6 scrolls of identify {unknown}
 l - a scroll of enchant weapon {unknown}
 m - 2 scrolls of fog {unknown}
 n - a scroll of enchant armour {unknown}
 o - a scroll of blinking {unknown}
 r - 3 scrolls of remove curse {unknown}
 y - a scroll of random uselessness {unknown}
 z - a scroll of magic mapping {unknown}
Potions
 h - 2 potions of haste {unknown}
 j - 2 potions of might {unknown}
 k - 2 potions of brilliance {unknown}
 p - a potion of poison {unknown}
 s - a potion of flight {unknown}
 t - a potion of heal wounds {unknown}
 v - 2 potions of curing {unknown}
 A - a potion of degeneration {unknown}
Comestibles
 c - a bread ration
 q - 3 beef jerkies
 w - 12 fruits
 x - a slice of pizza


   Skills:
 - Level 5.0 Fighting
 - Level 4.5 Axes
 - Level 0.8 Throwing
 - Level 3.2 Armour
 - Level 3.1 Dodging
 + Level 4.0 Shields


You had 4 spell levels left.
You didn't know any spells.

Dungeon Overview and Level Annotations

Branches:
Dungeon (5/15)
 Temple: D:4-7

Altars:
Kikubaaqudgha
Qazlal


Innate Abilities, Weirdness & Mutations

You reflexively headbutt those who attack you in melee.
You have a pair of horns on your head.


Message History

You hit the ice beast. Your headbutt misses the ice beast.
The ice beast is lightly wounded.
The ice beast hits you. The ice beast freezes you!
You barely miss the ice beast.
The ice beast is lightly wounded.
The ice beast hits you but does no damage.
You barely miss the ice beast.
The ice beast is lightly wounded.
The ice beast hits you but does no damage.
You closely miss the ice beast. You headbutt the ice beast.
The ice beast is heavily wounded.
The ice beast hits you. The ice beast freezes you!
* * * LOW HITPOINT WARNING * * *
The ice beast hits you but does no damage.
You hit the ice beast but do no damage.
The ice beast is heavily wounded.
The ice beast hits you.
* * * LOW HITPOINT WARNING * * *
The ice beast freezes you!
You die...

# ##.
##)..########.#
.............?.
......Y@.#
#.....##.#
##).. #.#
#......# #.#
#.####.# #.#
#.# #.# #.# #.#
#.# #.# #.# #.#
#.# #.#
#.####.#


You could see an ice beast.

Vanquished Creatures
  A phantom (D:4)
  6 gnolls (D:2)
  6 adders
  An ooze (D:2)
  2 giant geckos (D:2)
  A bat zombie (D:2)
  2 giant cockroaches (D:3)
  8 goblins
  2 hobgoblins (D:1)
  7 jackals
  4 kobolds
  2 ball pythons (D:1)
  5 bats
  5 giant newts
  10 rats
  A rat zombie (D:2)
63 creatures vanquished.

Notes
Turn   | Place    | Note
--------------------------------------------------------------
     0 | D:1      | shmeve the Minotaur Berserker began the quest for the Orb.
     0 | D:1      | Reached XP level 1. HP: 19/19 MP: 0/0
    84 | D:1      | Reached XP level 2. HP: 24/27 MP: 1/1
   277 | D:1      | Reached skill level 4 in Fighting
   483 | D:1      | Reached ** piety under Trog
   639 | D:2      | Reached XP level 3. HP: 33/33 MP: 2/2
   934 | D:2      | Found a stormy altar of Qazlal.
  1008 | D:2      | Reached XP level 4. HP: 35/41 MP: 3/3
  1014 | D:2      | Reached skill level 5 in Fighting
  1505 | D:2      | Found an ancient bone altar of Kikubaaqudgha.
  1605 | D:3      | Reached XP level 5. HP: 48/48 MP: 4/4
  1703 | D:3      | Reached skill level 1 in Shields
  2105 | D:4      | Noticed a phantom
  2123 | D:4      | Killed a phantom
  2182 | D:5      | Entered Level 5 of the Dungeon
  2389 | D:5      | Noticed an ice beast
  2399 | D:5      | Slain by an ice beast

Action                   |  1- 3 |  4- 6 || total
-------------------------+-------+-------++-------
Melee: Hand axe          |    83 |    65 ||   148
Invok: Berserk           |     1 |       ||     1
  Eat: Chunk             |       |     4 ||     4
